Cogmind - Beta 13 @@@ ROGUE MODE // 2024.05.15 @ 19:27:57 Player: Sherlockkat Result: Self-destructed Performance ------------- Evolutions (5) 2500 Regions Visited (13) 2600 Robots Destroyed (69) 345 Value Destroyed (1561) 1561 Prototype IDs (21) 420 Alien Tech Used (0) 0 Bonus (300) 300 TOTAL SCORE: 7726 Bonus ------- Met Data Miner 300 Cogmind --------- Core Integrity 912/1000 Matter 197/300 Energy 83/100 System Corruption 0% Temperature Cool (0) Movement Flying (165) Ox2 Location -5/Factory Parts ------- > --- POWER (1) -------- (None) > --- PROPULSION (4) --- Cooled VTOL Module > --- UTILITY (10) ----- Medium Storage Unit Machine Analyzer Enhanced Optical Array Advanced Sensor Array Improved Signal Interpreter Advanced Melee Analysis Suite Hacking Suite Hacking Suite Hacking Suite > --- WEAPON (2) ------- Chainsword > --- INVENTORY (10) --- Cooled VTOL Module Nuclear Pulse Array Structural Scanner Structural Scanner Improved Light Armor Plating Improved Light Armor Plating Long-range Missile Launcher Peak State ------------ > --- POWER ------------ (None) > --- PROPULSION ------- Cooled VTOL Module Field Propulsion Drive Nuclear Pulse Array > --- UTILITY ---------- Medium Storage Unit Machine Analyzer Enhanced Optical Array Advanced Sensor Array Improved Signal Interpreter Advanced Melee Analysis Suite Hacking Suite Hacking Suite Hacking Suite > --- WEAPON ----------- Chainsword > --- INVENTORY -------- Cooled VTOL Module Nuclear Pulse Array Structural Scanner Structural Scanner Improved Light Armor Plating Improved Light Armor Plating Long-range Missile Launcher [Rating: 61] Favorites ----------- Power Heavy Ion Engine Engine Heavy Ion Engine Power Core Micro Nuclear Core Propulsion Light Treads Treads Light Treads Leg Aluminum Leg Flight Unit Cooled VTOL Module Utility Large Storage Unit Device Heat Sink Storage Large Storage Unit Processor Machine Analyzer Hackware Hacking Suite Protection Improved Light Armor Plating Weapon Small Laser Energy Gun Small Laser Ballistic Gun Enhanced Autogun Ballistic Cannon Flak Cannon Launcher Advanced EMP Blaster Slashing Weapon Chainsword Build | -11 -10 -10 -10 -9 -8 -7 -7 -6 -6 -6 -6 -5 -5 ------- Run | Yrd Mat Min Exi Min Mat Fac Sto Fac Low Low Dat Pro Fac Slots Evolved 10 | . . . . . 4 2 . 2 . . . . 2 Power . | . . . . . . . . . . . . . . Propulsion 2 | . . . . . 2 . . . . . . . . Utility 8 | . . . . . 2 2 . 2 . . . . 2 Weapon . | . . . . . . . . . . . . . . Parts Attached 95 | 5 6 2 . . 33 13 13 9 . 5 . 3 6 Power 11 | 1 1 . . . 2 1 2 2 . . . 1 1 Engine 5 | 1 1 . . . 2 . 1 . . . . . . Core 6 | . . . . . . 1 1 2 . . . 1 1 Reactor . | . . . . . . . . . . . . . . Propulsion 26 | 2 . . . . 9 4 5 2 . 1 . 1 2 Treads 10 | 2 . . . . 8 . . . . . . . . Leg 2 | . . . . . 1 1 . . . . . . . Wheel . | . . . . . . . . . . . . . . Hover . | . . . . . . . . . . . . . . Flight 14 | . . . . . . 3 5 2 . 1 . 1 2 Utility 32 | . 3 2 . . 8 7 4 5 . 1 . . 2 Device 10 | . 1 2 . . 3 1 2 1 . . . . . Storage 3 | . 2 . . . . . 1 . . . . . . Processor 6 | . . . . . . 3 . 2 . 1 . . . Hackware 4 | . . . . . . 1 . 2 . . . . 1 Protection 9 | . . . . . 5 2 1 . . . . . 1 Artifact . | . . . . . . . . . . . . . . Weapon 26 | 2 2 . . . 14 1 2 . . 3 . 1 1 Energy Gun 4 | 1 1 . . . 2 . . . . . . . . Energy Cannon . | . . . . . . . . . . . . . . Ballistic Gun 8 | 1 1 . . . 6 . . . . . . . . Ballistic Cannon 2 | . . . . . 2 . . . . . . . . Launcher 8 | . . . . . 4 . 1 . . 3 . . . Special Weapon . | . . . . . . . . . . . . . . Impact Weapon . | . . . . . . . . . . . . . . Slashing Weapon 4 | . . . . . . 1 1 . . . . 1 1 Piercing Weapon . | . . . . . . . . . . . . . . Special Melee Weapon . | . . . . . . . . . . . . . . Unidentified Prototypes 7 | . . 1 . . 4 1 1 . . . . . . Corrupted Parts 2 | . . . . . 2 . . . . . . . . System Corruption 9 | . . . . . 9 . . . . . . . . Parts Lost 17 | . . . . . 5 1 3 . . 2 . 2 4 Power 2 | . . . . . . . 1 . . . . . 1 Propulsion 10 | . . . . . 2 1 1 . . 1 . 2 3 Utility 4 | . . . . . 3 . 1 . . . . . . Weapon 1 | . . . . . . . . . . 1 . . . Highest Loss Streak 2 | . . . . . 1 1 2 . . 2 . 1 2 To Critical Strikes 1 | . . . . . 1 . . . . . . . . Average Slot Usage (%) 89 | . 83 100 100 100 93 79 83 86 93 92 86 81 77 Engine 8 | . 14 14 14 14 8 4 . . . . . . . Core 1 | . . . . . . 2 4 6 6 6 6 3 . Treads 19 | . 28 28 28 28 27 9 . . . . . . . Leg 2 | . . . . . 6 6 . . . . . . . Flight 6 | . . . . . . 5 29 26 26 26 26 23 18 Device 9 | . 1 14 14 14 14 11 . 5 6 6 6 6 5 Storage 8 | . 11 14 14 14 9 4 2 6 6 6 6 6 5 Processor 5 | . . . . . . 6 19 19 20 22 26 26 23 Hackware 3 | . . . . . . 6 7 13 20 16 13 13 16 Protection 3 | . . . . . 8 7 9 . . . . . . Energy Gun 6 | . 14 14 14 14 5 . . . . . . . . Ballistic Gun 7 | . 14 14 14 14 7 4 . . . . . . . Ballistic Cannon 1 | . . . . . 3 4 . . . . . . . Slashing Weapon 1 | . . . . . . 2 5 6 6 5 . . 4 Naked Turns . | . . . . . . . . . . . . . . Heaviest Build 49 | 7 27 27 27 27 49 45 24 20 20 20 17 17 20 Greatest Support 80 | 40 40 40 40 40 80 40 19 20 20 20 20 20 25 Greatest Overweight (x) 4 | . . . . . 1 1 1 1 . . . . 4 Average Overweight (x) . | . . . . . . . . . . . . . . Largest Inventory Capacity 15 | 5 15 15 15 15 15 15 10 10 10 10 10 10 10 Average Capacity 12 | 5 10 15 15 15 15 11 7 10 10 10 10 10 10 Most Carried 15 | 5 14 15 15 15 15 15 8 9 9 9 8 8 8 Average Carried 11 | 3 8 14 15 15 14 11 6 8 9 8 8 7 7 Final Capacity 15 | 5 15 15 15 15 15 5 10 10 10 10 10 10 10 Final Carried 15 | 5 14 15 15 15 15 5 8 9 9 8 8 8 8 Class Distribution -------------------- 51% | Mutant 20% | Scavenger-Mutant 13% | Hacker-Scout 11% | Sprinter Dominant Class ---------------- Mutant | -10/Materials Mutant | -10/Mines Mutant | -10/Exiles Mutant | -9/Mines Scavenger-Mutant | -8/Materials Mutant | -7/Factory Sprinter | -7/Storage Hacker-Scout | -6/Factory Hacker-Scout | -6/Lower Caves Hacker-Scout | -6/Lower Caves Hacker-Scout | -6/Data Miner Hacker-Scout | -5/Proximity Caves Hacker-Assassin | -5/Factory Resources | -11 -10 -10 -10 -9 -8 -7 -7 -6 -6 -6 -6 -5 -5 ----------- Run | Yrd Mat Min Exi Min Mat Fac Sto Fac Low Low Dat Pro Fac Matter Collected 1861 | 183 153 62 . 21 761 376 169 90 . . . . 46 Remotely . | . . . . . . . . . . . . . . Salvage Created 2285 | 69 134 56 . 92 1233 171 133 362 . 6 . . 29 Parts 135 | 5 10 5 . 4 68 12 10 17 . 1 . . 3 Haulers Intercepted 9 | . 1 . . . 4 2 1 1 . . . . . Recyclers Shooed 3 | . 1 . . . 1 . . 1 . . . . . Parts Field Recycled . | . . . . . . . . . . . . . . Retrieved Matter . | . . . . . . . . . . . . . . Parts Self-Destructed . | . . . . . . . . . . . . . . Prevented . | . . . . . . . . . . . . . . Kills | -11 -10 -10 -10 -9 -8 -7 -7 -6 -6 -6 -6 -5 -5 ------- Run | Yrd Mat Min Exi Min Mat Fac Sto Fac Low Low Dat Pro Fac Combat Hostiles Destroyed 38 | . 4 . . 2 23 3 3 . . 3 . . . Guns 18 | . 4 . . 2 12 . . . . . . . . Cannons 7 | . . . . . 4 3 . . . . . . . AOE 13 | . . . . . 7 . 3 . . 3 . . . Classes Destroyed 11 | 2 3 . . . 5 1 . . . . . . . Worker 5 | . . . . . 3 1 . 1 . . . . . Builder 5 | . . . . . 1 . . 2 . . . . 2 Tunneler 4 | 1 . 2 . . 1 . . . . . . . . Hauler 9 | . 1 . . . 4 2 1 1 . . . . . Recycler 5 | 1 . . . . 2 . 1 1 . . . . . Watcher 3 | . . . . . 1 . . 2 . . . . . Swarmer 16 | . 3 . . . 7 . 3 . . 3 . . . Grunt 11 | . 1 . . 2 8 . . . . . . . . Sentry 6 | . . . . . 6 . . . . . . . . Hunter 2 | . . . . . 2 . . . . . . . . Programmer 3 | . . . . . . 3 . . . . . . . Best Kill Streak 5 | 1 3 1 . 1 5 2 4 3 . 3 . . 2 Combat Bots Only 5 | . 3 . . 1 5 1 3 . . 3 . . . Max Kills in Single Turn 3 | 1 2 1 . 1 2 1 3 1 . 3 . . 1 Gunslinging 1 | . 1 . . . . . . . . . . . . Exploded 3 | . . . . . 2 . 2 . . 3 . . . Melee . | . . . . . . . . . . . . . . Uniques/NPCs Destroyed . | . . . . . . . . . . . . . . Combat | -11 -10 -10 -10 -9 -8 -7 -7 -6 -6 -6 -6 -5 -5 -------- Run | Yrd Mat Min Exi Min Mat Fac Sto Fac Low Low Dat Pro Fac Hostile Shots Fired 358 | . 31 . . 9 138 16 118 2 . 22 . 12 10 Missed 136 | . 8 . . 2 34 4 71 2 . 7 . 5 3 Damage Taken 3267 | . 214 . . 101 1490 183 553 . . 273 . 111 342 Core 510 | . 39 . . 38 67 29 181 . . 49 . 19 88 Absorbed by Shields . | . . . . . . . . . . . . . . Redirected to Shielding 101 | . . . . . . . 101 . . . . . . Core Remaining (%) 83 | 100 . . . 69 87 . 70 . . . . 92 . Volleys Fired 162 | 4 52 4 . 7 80 9 3 . . 3 . . . Largest 2 | 2 2 2 . 2 2 2 1 . . 1 . . . Hottest 97 | 60 60 60 . 60 97 69 30 . . 43 . . . Shots Fired 306 | 8 98 8 . 14 154 18 3 . . 3 . . . Gun 258 | 8 98 8 . 14 121 9 . . . . . . . Cannon 31 | . . . . . 22 9 . . . . . . . Launcher 17 | . . . . . 11 . 3 . . 3 . . . Special . | . . . . . . . . . . . . . . Kinetic 176 | 4 52 4 . 7 91 18 . . . . . . . Thermal 113 | 4 46 4 . 7 52 . . . . . . . . Explosive 11 | . . . . . 5 . 3 . . 3 . . . Electromagnetic 6 | . . . . . 6 . . . . . . . . Robot Hit Streak 14 | 2 9 5 . 6 14 4 2 . . 1 . . . Robot Miss Streak 8 | 4 8 1 . 2 6 4 1 . . 1 . . . Penetration Max . | . . . . . . . . . . . . . . Secondary Targets 3 | . 1 . . . 2 . . . . . . . . Max Gunslinging Chain 1 | . 1 . . . 1 . . . . . . . . Shots Hit Robots 203 | 3 42 6 . 9 107 19 3 10 . 1 . . 3 Core Hits 125 | 3 11 3 . 5 68 13 11 7 . 3 . . 1 Critical Kills 1 | . 1 . . . . . . . . . . . . Critical Parts Destroyed . | . . . . . . . . . . . . . . Critical Strikes 3 | . 1 . . . 2 . . . . . . . . Burn 2 | . . . . . 2 . . . . . . . . Destroy 1 | . 1 . . . . . . . . . . . . Melee Attacks 82 | . . . . . . 19 15 36 . 6 . 1 5 Impact . | . . . . . . . . . . . . . . Slashing 82 | . . . . . . 19 15 36 . 6 . 1 5 Piercing . | . . . . . . . . . . . . . . Sneak Attacks 12 | . . . . . . 3 1 5 . . . . 3 Combat Hostiles . | . . . . . . . . . . . . . . Follow-up Attacks . | . . . . . . . . . . . . . . Damage Inflicted 5329 | 41 391 74 . 105 2462 661 310 614 . 436 . . 235 Guns 2037 | 41 391 74 . 105 1365 61 . . . . . . . Cannons 579 | . . . . . 362 217 . . . . . . . Explosions 1407 | . . . . . 735 . 236 . . 436 . . . Melee 1306 | . . . . . . 383 74 614 . . . . 235 Ramming . | . . . . . . . . . . . . . . Kinetic 1552 | 7 175 53 . 48 991 278 . . . . . . . Thermal 1088 | 34 216 21 . 57 760 . . . . . . . . Explosive 1130 | . . . . . 458 . 236 . . 436 . . . Electromagnetic 253 | . . . . . 253 . . . . . . . . Impact . | . . . . . . . . . . . . . . Slashing 1306 | . . . . . . 383 74 614 . . . . 235 Piercing . | . . . . . . . . . . . . . . Highest Corruption 20 | . . . . . 20 4 5 . . 1 1 1 . Average Corruption 8 | . . . . . 13 3 4 . . 1 1 1 . Corruption Purged . | . . . . . . . . . . . . . . Corruption Blocked . | . . . . . . . . . . . . . . Effects 81 | . . . . . 60 13 4 . . 1 . 3 . Message Errors 22 | . . . . . 14 5 1 . . . . 2 . Matter Fused 20 | . . . . . 14 4 1 . . . . 1 . Heat Flow Errors 3 | . . . . . 2 . 1 . . . . . . Energy Discharges 10 | . . . . . 7 1 1 . . 1 . . . Parts Rejected 3 | . . . . . 3 . . . . . . . . Data Loss (minor) 9 | . . . . . 7 2 . . . . . . . Data Loss (major) 4 | . . . . . 3 1 . . . . . . . Misfires 5 | . . . . . 5 . . . . . . . . Alerts 2 | . . . . . 2 . . . . . . . . Weapon Failures 3 | . . . . . 3 . . . . . . . . Overload Shots . | . . . . . . . . . . . . . . Overflow Damage 271 | . . . . . . 34 . 23 . 120 . . 94 Projectiles 2 | . . . . . . 2 . . . . . . . Explosions 120 | . . . . . . . . . . 120 . . . Melee 149 | . . . . . . 32 . 23 . . . . 94 Knockbacks 14 | . . . . . 13 1 . . . . . . . Impact . | . . . . . . . . . . . . . . Kinetic 13 | . . . . . 12 1 . . . . . . . Secondary 1 | . . . . . 1 . . . . . . . . Self-Inflicted Damage 114 | . . . . . 69 . 24 . . 21 . . . Shots 7 | . . . . . 5 . 1 . . 1 . . . Rammed . | . . . . . . . . . . . . . . Targets Rammed . | . . . . . . . . . . . . . . Kicked . | . . . . . . . . . . . . . . Crushed . | . . . . . . . . . . . . . . Highest Temperature 351 | 20 58 . . 45 350 351 13 . . . . 6 . Average Temperature 71 | 13 18 . . 21 102 86 5 . . . . 6 . Received Heat Transfer 777 | . 18 . . 72 486 . 165 . . 9 . 18 9 Effects 2 | . . . . . 1 1 . . . . . . . Short Circuit 2 | . . . . . 1 1 . . . . . . . Siege Activations . | . . . . . . . . . . . . . . Robots Corrupted 1 | . . . . . 1 . . . . . . . . Combat Hostiles . | . . . . . . . . . . . . . . Parts Fried 2 | . . . . . 2 . . . . . . . . Impact Corruptions . | . . . . . . . . . . . . . . Robots Melted . | . . . . . . . . . . . . . . Combat Hostiles . | . . . . . . . . . . . . . . Parts Melted 8 | . 1 . . . 7 . . . . . . . . Heat Transferred 2515 | 75 500 50 . 125 1765 . . . . . . . . Parts Sabotaged . | . . . . . . . . . . . . . . Parts Stolen . | . . . . . . . . . . . . . . Parts Stripped . | . . . . . . . . . . . . . . Power Chain Reactions 3 | . . . . . 3 . . . . . . . . Alert | -11 -10 -10 -10 -9 -8 -7 -7 -6 -6 -6 -6 -5 -5 ------- Run | Yrd Mat Min Exi Min Mat Fac Sto Fac Low Low Dat Pro Fac Peak Influence 617 | 10 136 7 . 50 304 175 617 421 . . . . 82 Initial 280 | . 6 2 . . 19 100 55 280 . . . . 50 Average 124 | 3 39 2 . 4 183 94 309 343 . . . . 60 Maximum Alert Level 2 | . . . . . 1 . 2 2 . . . . . Low Security (%) 76 | 100 100 100 . 100 59 100 44 . . . . . 100 Level 1 21 | . . . . . 40 . 27 90 . . . . . Level 2 2 | . . . . . . . 27 9 . . . . . Level 3 . | . . . . . . . . . . . . . . Level 4 . | . . . . . . . . . . . . . . Level 5 . | . . . . . . . . . . . . . . High Security . | . . . . . . . . . . . . . . Max Security . | . . . . . . . . . . . . . . Squads Dispatched 11 | . 2 . . . 1 3 4 . . . . . 1 Investigation 3 | . 1 . . . . . 2 . . . . . . Extermination 2 | . . . . . . 1 1 . . . . . . Reinforcement 4 | . 1 . . . . 1 1 . . . . . 1 Assault . | . . . . . . . . . . . . . . Garrison 2 | . . . . . 1 1 . . . . . . . Intercept . | . . . . . . . . . . . . . . Searches Triggered . | . . . . . . . . . . . . . . Construction Impeded 1 | . . . . . . . . . . . . . 1 Haulers Reinforced 1 | . . . . . . 1 . . . . . . . Active Scanning Responses . | . . . . . . . . . . . . . . Cargo Convoy Interrupts . | . . . . . . . . . . . . . . Stealth | -11 -10 -10 -10 -9 -8 -7 -7 -6 -6 -6 -6 -5 -5 --------- Run | Yrd Mat Min Exi Min Mat Fac Sto Fac Low Low Dat Pro Fac Distress Signals 10 | . 1 . . 1 3 1 4 . . . . . . Communications Jammed . | . . . . . . . . . . . . . . Distress Signals . | . . . . . . . . . . . . . . Times Spotted 121 | . 18 . . 2 36 6 31 7 . 8 . 6 7 Peak Tracking Total 14 | . 5 . . 2 6 2 14 3 . 8 . 5 6 Tactical Retreats 16 | . . . . . 1 . 8 3 . . . 3 1 Traps | -11 -10 -10 -10 -9 -8 -7 -7 -6 -6 -6 -6 -5 -5 ------- Run | Yrd Mat Min Exi Min Mat Fac Sto Fac Low Low Dat Pro Fac Traps Triggered 10 | . 2 . . . 4 . 1 2 . . . . 1 Indirectly . | . . . . . . . . . . . . . . Trap Hack Attempts . | . . . . . . . . . . . . . . Triggered . | . . . . . . . . . . . . . . Disarmed . | . . . . . . . . . . . . . . Reprogrammed 4 | . . . . . . . 4 . . . . . . Reused 1 | . . . . . . . 1 . . . . . . Traps Extracted . | . . . . . . . . . . . . . . Installed . | . . . . . . . . . . . . . . Triggered 2 | . . . . . 1 . 1 . . . . . . Machines | -11 -10 -10 -10 -9 -8 -7 -7 -6 -6 -6 -6 -5 -5 ---------- Run | Yrd Mat Min Exi Min Mat Fac Sto Fac Low Low Dat Pro Fac Machines Disabled 5 | . . . . . 1 . 4 . . . . . . Max in Single Turn 1 | . . . . . 1 . 1 . . . . . . Garrison Access 2 | . . . . . . 1 . 1 . . . . . Machines Repaired . | . . . . . . . . . . . . . . Machines Dismantled . | . . . . . . . . . . . . . . Machines Sabotaged . | . . . . . . . . . . . . . . Overloaded Fab Kills . | . . . . . . . . . . . . . . Hacking | -11 -10 -10 -10 -9 -8 -7 -7 -6 -6 -6 -6 -5 -5 --------- Run | Yrd Mat Min Exi Min Mat Fac Sto Fac Low Low Dat Pro Fac Machines Accessed 23 | . 1 1 . . 3 1 4 8 . . 4 . 1 Terminals 15 | . 1 . . . 3 . 4 6 . . . . 1 Fabricators 1 | . . . . . . . . 1 . . . . . Repair Stations . | . . . . . . . . . . . . . . Recycling Units . | . . . . . . . . . . . . . . Scanalyzers . | . . . . . . . . . . . . . . Garrison Access 2 | . . . . . . 1 . 1 . . . . . Total Hacks 71 | . 1 1 . . 8 2 11 16 . . 28 . 4 Successful 49 | . 1 1 . . 3 1 4 8 . . 28 . 3 Failed 22 | . . . . . 5 1 7 8 . . . . 1 Catastrophic 2 | . . . . . . . 1 1 . . . . . Database Lockouts . | . . . . . . . . . . . . . . Manual 6 | . 1 . . . 1 . 2 2 . . . . . Terminals 38 | . 1 . . . 8 . 11 14 . . . . 4 Fabricators 1 | . . . . . . . . 1 . . . . . Repair Stations . | . . . . . . . . . . . . . . Recycling Units . | . . . . . . . . . . . . . . Scanalyzers . | . . . . . . . . . . . . . . Garrison Access 3 | . . . . . . 2 . 1 . . . . . Terminal Hacks 44 | . . 1 . . 3 . 3 6 . . 28 . 3 Record 11 | . . . . . . . . . . . 11 . . Part Schematic 9 | . . . . . . . . . . . 9 . . Robot Schematic 5 | . . . . . . . . . . . 5 . . Prototype ID Bank 4 | . . . . . . . . 1 . . 3 . . Open Door 2 | . . 1 . . . . 1 . . . . . . Open DSF 1 | . . . . . . . . 1 . . . . . Branch Access Points 2 | . . . . . . . . 1 . . . . 1 Fabricator Index 2 | . . . . . . . . 1 . . . . 1 Locate Traps 2 | . . . . . . . 1 1 . . . . . Reprogram Traps 1 | . . . . . . . 1 . . . . . . Dispatch Records 1 | . . . . . 1 . . . . . . . . Hauler Manifests 1 | . . . . . 1 . . . . . . . . Zone Layout 3 | . . . . . 1 . . 1 . . . . 1 Fabricator Hacks 1 | . . . . . . . . 1 . . . . . Network Status 1 | . . . . . . . . 1 . . . . . Repair Station Hacks . | . . . . . . . . . . . . . . Recycling Unit Hacks . | . . . . . . . . . . . . . . Scanalyzer . | . . . . . . . . . . . . . . Garrison Access Hacks 2 | . . . . . . 1 . 1 . . . . . Seal Access 2 | . . . . . . 1 . 1 . . . . . Unauthorized Hacks 2 | . 1 . . . . . 1 . . . . . . Terminals 2 | . 1 . . . . . 1 . . . . . . Disrupt 1 | . . . . . . . 1 . . . . . . Operators 1 | . 1 . . . . . . . . . . . . Fabricators . | . . . . . . . . . . . . . . Repair Stations . | . . . . . . . . . . . . . . Recycling Units . | . . . . . . . . . . . . . . Scanalyzers . | . . . . . . . . . . . . . . Garrison Access . | . . . . . . . . . . . . . . Data Cores Recovered 1 | . . . . . . . 1 . . . . . . Used . | . . . . . . . . . . . . . . Hacking Detections 12 | . . . . . 3 1 3 4 . . . . 1 Full Trace Events 1 | . . . . . . . 1 . . . . . . Feedback Events . | . . . . . . . . . . . . . . Feedback Blocked . | . . . . . . . . . . . . . . Robot Schematics Acquired 5 | . . . . . . . . . . . 5 . . Robots Built . | . . . . . . . . . . . . . . Authchips . | . . . . . . . . . . . . . . Time . | . . . . . . . . . . . . . . Total Robot Build Rating . | . . . . . . . . . . . . . . Part Schematics Acquired 9 | . . . . . . . . . . . 9 . . Parts Built . | . . . . . . . . . . . . . . Authchips . | . . . . . . . . . . . . . . Time . | . . . . . . . . . . . . . . Total Part Build Rating . | . . . . . . . . . . . . . . Parts Repaired . | . . . . . . . . . . . . . . Time . | . . . . . . . . . . . . . . Parts Recycled . | . . . . . . . . . . . . . . Recycled Matter . | . . . . . . . . . . . . . . Retrieved Matter . | . . . . . . . . . . . . . . Retrieved Components . | . . . . . . . . . . . . . . Parts Scanalyzed . | . . . . . . . . . . . . . . Part Schematics Acquired . | . . . . . . . . . . . . . . Parts Damaged . | . . . . . . . . . . . . . . Bothacking | -11 -10 -10 -10 -9 -8 -7 -7 -6 -6 -6 -6 -5 -5 ------------ Run | Yrd Mat Min Exi Min Mat Fac Sto Fac Low Low Dat Pro Fac Used RIF Installer . | . . . . . . . . . . . . . . Robots Hacked . | . . . . . . . . . . . . . . Non-combat . | . . . . . . . . . . . . . . Combat . | . . . . . . . . . . . . . . Robot Hacks Applied . | . . . . . . . . . . . . . . Relay Couplers Released . | . . . . . . . . . . . . . . Fabnet Peak Effective % . | . . . . . . . . . . . . . . Robots Rewired . | . . . . . . . . . . . . . . Allies Hacked . | . . . . . . . . . . . . . . Hacks Repelled . | . . . . . . . . . . . . . . Allies | -11 -10 -10 -10 -9 -8 -7 -7 -6 -6 -6 -6 -5 -5 -------- Run | Yrd Mat Min Exi Min Mat Fac Sto Fac Low Low Dat Pro Fac Total Allies 1 | . . 1 . . . . . . . . . . . Largest Group 1 | . . 1 . . . . . . . . . . . Highest-Rated Group 31 | . . 31 . . . . . . . . . . . Highest-Rated Ally 31 | . . 31 . . . . . . . . . . . Total Orders . | . . . . . . . . . . . . . . Ally Attacks . | . . . . . . . . . . . . . . Total Damage . | . . . . . . . . . . . . . . Kills . | . . . . . . . . . . . . . . Allies Corrupted . | . . . . . . . . . . . . . . Allies Melted . | . . . . . . . . . . . . . . Intel | -11 -10 -10 -10 -9 -8 -7 -7 -6 -6 -6 -6 -5 -5 ------- Run | Yrd Mat Min Exi Min Mat Fac Sto Fac Low Low Dat Pro Fac Robot Analysis Total . | . . . . . . . . . . . . . . Derelict Logs Recovered 6 | . . 1 . 2 . . . . 1 . . 2 . Drone Launches 2 | . . . . . . . 2 . . . . . . Drone Recoveries . | . . . . . . . . . . . . . . Exploration | -11 -10 -10 -10 -9 -8 -7 -7 -6 -6 -6 -6 -5 -5 ------------- Run | Yrd Mat Min Exi Min Mat Fac Sto Fac Low Low Dat Pro Fac Turns Passed 6297 | 125 1016 570 204 482 1669 765 306 491 64 141 22 255 187 Spaces Moved 6049 | 70 534 346 128 201 792 798 652 1375 245 276 82 374 176 Core 11 | 9 . . . . . . . . . . . . 2 Treads 2245 | 61 534 346 128 201 792 183 . . . . . . . Legs . | . . . . . . . . . . . . . . Wheels . | . . . . . . . . . . . . . . Hover . | . . . . . . . . . . . . . . Flight 3793 | . . . . . . 615 652 1375 245 276 82 374 174 Fastest Speed 26 | 50 160 160 160 160 160 32 26 26 26 26 26 26 28 Average Speed 80 | 145 160 160 160 160 167 79 27 26 26 26 26 26 33 Slowest Speed 250 | 160 160 160 160 160 240 240 103 100 26 26 26 29 250 Overloaded Moves . | . . . . . . . . . . . . . . Propulsion Burnouts . | . . . . . . . . . . . . . . Robots Hopped 21 | . . . . . . 1 11 5 . 4 . . . Cave-ins Triggered . | . . . . . . . . . . . . . . Exploration Rate (%) 48 | 4 92 57 52 38 58 19 88 38 55 45 74 52 4 Regions Visited 13 Branch Regions 8 Pre-discovered Areas 1 | . . . . . . . . . . . 1 . . Known Exits Taken 7 | . . . 1 . 1 . . 1 1 1 1 1 . Unknown Exits Taken 6 | 1 1 1 . 1 . 1 1 . . . . . . Scrap Searched 7 | . . 2 . . . . . . 1 2 . 2 . Spaces Dug 45 | . . . . . . 9 9 18 . 6 . 1 2 Terrain Destroyed 130 | . . . . . 36 9 19 18 . 45 . 1 2 Melee 45 | . . . . . . 9 9 18 . 6 . 1 2 Projectile . | . . . . . . . . . . . . . . AOE 85 | . . . . . 36 . 10 . . 39 . . . Terrain Rammed . | . . . . . . . . . . . . . . Walls Destroyed . | . . . . . . . . . . . . . . Machines Disabled . | . . . . . . . . . . . . . . Actions | -11 -10 -10 -10 -9 -8 -7 -7 -6 -6 -6 -6 -5 -5 --------- Run | Yrd Mat Min Exi Min Mat Fac Sto Fac Low Low Dat Pro Fac Total 7086 | 83 609 354 127 348 1017 886 739 1445 244 328 81 528 297 Wait 612 | . 4 . . 141 61 27 58 27 . 40 . 147 107 Move 5994 | 69 533 345 127 200 791 795 629 1364 244 267 81 373 176 Hop 21 | . . . . . . 1 11 5 . 4 . . . Pick Up 51 | 5 9 2 . . 22 6 2 3 . . . 1 1 Fast Attach 43 | 5 3 . . . 12 6 7 7 . 1 . . 2 Attach 24 | . 1 . . . 5 6 1 2 . 3 . 2 4 Detach 19 | . 2 . . . 1 4 4 1 . 3 . 2 2 Swap 28 | . 2 2 . . 16 1 5 . . 1 . 1 . Drop 50 | . 3 1 . . 29 12 4 . . . . 1 . Fire 162 | 4 52 4 . 7 80 9 3 . . 3 . . . Melee 82 | . . . . . . 19 15 36 . 6 . 1 5 Ram . | . . . . . . . . . . . . . . Kick . | . . . . . . . . . . . . . . Crush . | . . . . . . . . . . . . . . Escape Stasis . | . . . . . . . . . . . . . . Rewire . | . . . . . . . . . . . . . . Trap . | . . . . . . . . . . . . . . Miscellaneous . | . . . . . . . . . . . . . . Route ------- -11/Scrapyard -10/Materials (discovered 4 exits: [*Mat x3] / *Min) -10/Mines -10/Exiles (discovered 2 exits: *Min x2) -9/Mines -8/Materials (discovered 2 exits: *Fac x2) -7/Factory (discovered 2 exits: *Fac / *Sto) -7/Storage -6/Factory (discovered 6 exits: *Fac x2 / *Low x2 / *Ext x2) -6/Lower Caves -6/Lower Caves (discovered 2 exits: *Fac / *Dat) -6/Data Miner -5/Proximity Caves -5/Factory (discovered 3 exits: *Fac / Upp x2) History --------- Turn | Location | Event 6 | -11/Scrapyard | Discovered new exit (range 15) 126 | -11/Scrapyard | Entered Materials 333 | -10/Materials | Build established: Mutant 687 | -10/Materials | Discovered new exit (range 3) 865 | -10/Materials | Discovered new exit (range 9) 946 | -10/Materials | Discovered new exit (range 15) 1104 | -10/Materials | Discovered new exit (range 12) 1142 | -10/Materials | Entered Mines 1184 | -10/Mines | Received a Mining Laser from a helpful Derelict 1310 | -10/Mines | Deemed a non-threat by the Exiles lab entrance 1407 | -10/Mines | Received a Rocket Launcher from a helpful Derelict 1507 | -10/Mines | Found the Drone Emporium 1526 | -10/Mines | Found Prototype Device 1535 | -10/Mines | Identified Thief Drone Bay 1706 | -10/Mines | Discovered new exit (range 5) 1712 | -10/Mines | Entered Exiles 1713 | -10/Exiles | Identified exit to Mines 1752 | -10/Exiles | Met 8R-AWN 1780 | -10/Exiles | Met EX-HEX 1839 | -10/Exiles | Met EX-DEC 1916 | -10/Exiles | Entered Mines 1994 | -9/Mines | Assembled infested the area 1999 | -9/Mines | Assisted by a Guerilla fighting off Assembled 2217 | -9/Mines | Learned location of 1 exit from Materials 2272 | -9/Mines | Learned location of 1 exit from Materials 2275 | -9/Mines | Discovered new exit (range 15) 2398 | -9/Mines | Entered Materials 2398 | -8/Materials | Evolved 4 slots: Propulsion x2, Utility x2 2399 | -8/Materials | Identified exit to Factory 2918 | -8/Materials | Build established: Scavenger-Mutant 3103 | -8/Materials | System corruption reached 10% 3689 | -8/Materials | Garrison activated, responded to threat 4067 | -8/Materials | Entered Factory 4067 | -7/Factory | Evolved 2 slots: Utility x2 4172 | -7/Factory | Build established: Mutant 4230 | -7/Factory | Discovered new exit (range 15) 4687 | -7/Factory | Discovered new exit (range 7) 4703 | -7/Factory | Garrison activated, responded to threat 4832 | -7/Factory | Entered Storage 4870 | -7/Storage | Build established: Sprinter 5136 | -7/Storage | Discovered new exit (range 9) 5138 | -7/Storage | Entered Factory 5138 | -6/Factory | Evolved 2 slots: Utility x2 5155 | -6/Factory | Identified exit to DSF 5354 | -6/Factory | Discovered new exit (range 5) 5408 | -6/Factory | Spotted B-75 Beast 5479 | -6/Factory | Discovered new exit (range 10) 5481 | -6/Factory | Identified exit to Factory 5524 | -6/Factory | Discovered new exit (range 22) 5550 | -6/Factory | Identified exit to Lower Caves 5550 | -6/Factory | Identified exit to Extension 5586 | -6/Factory | Build established: Hacker-Scout 5629 | -6/Factory | Entered Lower Caves 5636 | -6/Lower Caves | Learned Factory stockpile data 5690 | -6/Lower Caves | Discovered new exit (range 10) 5692 | -6/Lower Caves | Identified exit to Lower Caves 5693 | -6/Lower Caves | Entered another Lower Caves area 5693 | -6/Lower Caves | Discovered exit to Factory (range 14) 5703 | -6/Lower Caves | Spotted B-75 Beast 5831 | -6/Lower Caves | Discovered new exit (range 12) 5834 | -6/Lower Caves | Identified exit to Data Miner 5834 | -6/Lower Caves | Entered Data Miner 5834 | -6/Data Miner | Discovered new exit (range 6) 5838 | -6/Data Miner | Met Data Miner 5847 | -6/Data Miner | Learned location of Section 7 (-2) 5847 | -6/Data Miner | Acquired the access code to Warlord's prototype stash 5850 | -6/Data Miner | Received God Mode back door access code from Data Miner 5855 | -6/Data Miner | Identified exit to Proximity Caves 5856 | -6/Data Miner | Entered Proximity Caves 5870 | -5/Proximity Caves | Learned Factory terminal intel 5892 | -5/Proximity Caves | Spotted B-75 Beast 6111 | -5/Proximity Caves | Entered Factory 6111 | -5/Factory | Evolved 2 slots: Utility x2 6113 | -5/Factory | Loaded intel: 25 terminal locations 6114 | -5/Factory | Discovered new exit (range 7) 6118 | -5/Factory | Identified exit to Factory 6148 | -5/Factory | Identified exit to Upper Caves 6298 | -5/Factory | Self-destructed Last Messages --------------- 06222_ Sneak attack on U-05 Engineer. 06222_ U-05 Engineer destroyed. 06223_ U-05 Engineer lays Concrete. 06227_ Sneak attack on U-05 Engineer. 06227_ Destroyed Lgt. Ion Engine. 06227_ Destroyed Wheel. 06228_ ALERT: Construction progress impeded, dispatching reinforcements to local area. 06234_ Acquired 4 matter. 06239_ Acquired 29 matter. 06239_ U-05 Engineer lays Concrete. 06248_ U-05 Engineer builds a Wall. 06249_ K-01 Serf collects debris. 06252_ U-05 Engineer builds a Wall. 06294_ Penetrated by Slug. 06294_ Field Propulsion Drive destroyed. 06294_ ALERT: All DSF locations entering lockdown mode. 06298_ Nuclear Pulse Array destroyed. 06298_ Penetrated by Slug. Map ----- +----------------------------------------------------+ | ?????????????????????????????? | | ?????????????????????????????? | | ?????????????????????????????? | | ?????????????????????????????? | | ?????????????????????????????? | | ?????????????????????????????? | | ?????????????????????????????? | | ?????????????????????????????? | | ?????????????????????????????? | | ?????#???????????????????????? | | ???## #######????????????????? | | ???# Y ?????????????????? | | ???# ?????????????????? | | ???# ??????????????????? | | ???# ?""???????????????? | | ???# !??""???????????????? | | ???# !??"""??????????????? | | ???# ???"""??????????????? | | ???# ???"""??????????????? | | ???# # ??????????? | | ???# s # ??????????? | | ???# ###??????????? | | ???# s #????????????? | | ???##s#####+#####????????????? | | ????# #???# #????????????????? | | ????#@#???# #????????????????? | | ????# #???# #?????????????+##? | | ????# #???# #########????? ## | | ????# ##### # ! #????? ? | | ????# + ! #????? ?? | | ????#### ![ #????? #?? | | ######## ! ## # ######### #?? | | # # != #?? | | # """ # = u ^ #?? | | # "T" # """ """ #?? | | # # """ """ ### | | # # g """ """ # | | # """ # | | # """ +g g | | # """ # ############### | | # # ## # # | | # """ # ## ###/### | | # """ # ## ##? ? | | # """ # ## #??? ? | | # # ## #??? # | | ######## ## #???? # | | ???????# ## #?????? | | ???????# ## #?????? | | ######## ## #?????? | | # # ## #?????? | +----------------------------------------------------+ Best States ------------- Heat Dissipation 44 Energy Generation 15 Energy Capacity 280 Matter Stores 300 Matter Capacity 300 Sight Range 22 Robot Scan Range 16 Terrain Scan Density 10 Armor Coverage 750 Propulsion Shielding 66 Evasion (%) 64 Melee Accuracy 8 Armor Integrity Analysis 30 Recoil Reduction 4 Energy Filtering 30 Salvage Targeting 2 Offensive Hacking 30 Defensive Hacking 12 Item Schematics ----------------- Combat Drone Bay | -6/Data Miner | Free Lgt. Regenerative Plating | -6/Data Miner | Free Enh. Flexi-carbon Leg | -6/Data Miner | Free Prc. Energy Filter | -6/Data Miner | Free Neutron Cannon | -6/Data Miner | Free Imp. Antigrav System | -6/Data Miner | Free Adv. Trap Scanner | -6/Data Miner | Free Hardcell Cannon | -6/Data Miner | Free Mic. Antimatter Reactor | -6/Data Miner | Free Robot Schematics ------------------ Y-54 Guardian | -6/Data Miner | Free R-10 Processor | -6/Data Miner | Free P-70 Sage | -6/Data Miner | Free S-27 Virus | -6/Data Miner | Free E-15 Imp | -6/Data Miner | Free Fabricated ------------ Nothing Alien Tech Used ----------------- None Achievements -------------- None Challenges ------------ None Game ------ Seed GuidanceCloakProjector Manual? 0 Play Time 00:59:23 Cumulative 396.2 hours Start 2024.05.14 @ 20:32:50 End 2024.05.15 @ 19:27:57 Sessions 3 Manual Loads 0 Difficulty Rogue Special Mode None Game No. 457 Rogue 457 Adventurer 0 Explorer 0 Win Type - Total 34 Types 22/3/8/1/0/0/0/0/0 Lore% 71 Gallery% 81 Achievement% 61 Wizard Run 0 Options --------- Layout 1 ASCII 1 Keyboard 1 Movement Numpad Keybinds 0 Fullscreen 1 Font 24/Smallcaps Map View 50x35 Zoom Use 0% Tactical HUD 1 Map Filters NONE Filters NONE Steam 1 RUN: f6bceed6-e30e-406e-9926-f0ed2b1dea53